 Dungeon Crawl Stone Soup version 0.30.0-30-g96aa6591b8 (webtiles) character file.

Game seed: 11071215698103416169

118483 AgateBread the Fencer (level 16, -2/149 HPs)
             Began as a Hill Orc Monk on June 26, 2023.
             Was an Elder of Makhleb.
             Slain by a boulder beetle (37 damage)
             ... on level 2 of the Spider Nest on June 28, 2023.
             The game lasted 02:54:35 (30170 turns).

AgateBread the Fencer (Hill Orc Monk)              Turns: 30170, Time: 02:54:36

Health: -2/149     AC: 15    Str: 16    XL:     16   Next: 41%
Magic:  29/31      EV: 13    Int: 14    God:    Makhleb [****..]
Gold:   1814       SH: 21    Dex: 17    Spells: 13/15 levels left

rFire   + + .        o - +5 demon blade (spect)
rCold   . . .        L - +0 tower shield
rNeg    + + +        V - +4 ring mail of the Swamp {rF+ rN+++ Regen+ Slay-3}
rPois   +            A - +0 helmet
rElec   .            a - +0 cloak
rCorr   +            n - +1 pair of gloves of Unreason {Slay+3}
SInv    +            S - +2 pair of boots of Green Intercession {rPois Int+2 Stlth+}
Will    ++...        f
                       - Hermit's Pendant {Faith Invo=14 Evo=0 MP+5}
Stlth   +            i - ring "Monat" {rF+ Will+ rCorr Stlth-}
HPRegen 1.24/turn    H - ring of see invisible
MPRegen 0.22/turn

%: faith
@: corroded, on blink cooldown, hasted, very quick
A: no striking features
}: 1/15 runes: gossamer
a: Renounce Religion, Minor Destruction, Lesser Servant of Makhleb, Major
Destruction


You were on level 2 of the Spider Nest.
You worshipped Makhleb.
Makhleb was greatly pleased with you.
You visited 4 branches of the dungeon, and saw 22 of its levels.
You also visited: Gauntlet and Volcano.

You collected 2012 gold pieces.
You spent 198 gold pieces at shops.

Inventory:

Hand Weapons
 c - a +2 scimitar of flaming
 l - a +3 long sword of freezing
 o - a +5 spectral demon blade (weapon)
 w - a +2 long sword of holy wrath
 F - a +1 demon blade of electrocution
Missiles
 D - 4 curare-tipped darts
Armour
 a - a +0 cloak (worn)
 g - a +2 scale mail of cold resistance
 n - the +1 pair of gloves of Unreason (worn) {Slay+3}
   (You found it in a Gauntlet)

   Slay:      It affects your accuracy & damage with ranged weapons and melee
   (+3).
 x - the +9 chain mail of the Spheres {Dex+2}
   (You found it on level 4 of the Spider Nest)

   Dex:       It affects your dexterity (+2).
 A - a +0 helmet (worn)
 L - a +0 tower shield (worn)
 S - the +2 pair of boots of Green Intercession (worn) {rPois Int+2 Stlth+}
   (You found it in a volcano)

   Int:       It affects your intelligence (+2).
   rPois:     It protects you from poison.
   Stlth:     It makes you more stealthy.
 V - the +4 ring mail of the Swamp (worn) {rF+ rN+++ Regen+ Slay-3}
   (You found it on level 7 of the Dungeon)

   Slay:      It affects your accuracy & damage with ranged weapons and melee
   (-3).
   rF:        It protects you from fire.
   rN:        It renders you almost immune to negative energy.
   Regen:     It increases your rate of health regeneration.
Jewellery
 d - a ring of poison resistance
 f - the Hermit's Pendant (around neck) {Faith Invo=14 Evo=0 MP+5}
   (You found it on level 3 of the Dungeon)

   [amulet of faith]

   Invo=14: It sets your Invocations skill to 14.
   Evo=0: It sets your Evocations skill to 0.
   It allows you to gain divine favour quickly.
   MP:        It affects your magic capacity (+5).
 i - the ring "Monat" (left hand) {rF+ Will+ rCorr Stlth-}
   (You took it off a minotaur in a Gauntlet)

   [ring of resist corrosion]

   rF:        It protects you from fire.
   rCorr:     It protects you from acid and corrosion.
   Will:      It increases your willpower.
   Stlth:     It makes you less stealthy.
 k - a +4 ring of protection
 u - an amulet of reflection
 v - a ring of magical power
 y - a ring of protection from fire
 H - a ring of see invisible (right hand)
 J - a +6 ring of intelligence
Wands
 h - a wand of light (3)
 t - a wand of iceblast (11)
 C - a wand of digging (6)
 W - a wand of mindburst (11)
 X - a wand of paralysis (21)
Scrolls
 e - 5 scrolls of poison
 j - 3 scrolls of teleportation
 m - a scroll of magic mapping
 p - 2 scrolls of fog
 r - 5 scrolls of amnesia
 B - 4 scrolls of enchant armour
 E - 2 scrolls of fear
 I - 2 scrolls of butterflies
 Q - 4 scrolls of immolation
Potions
 b - a potion of flight
 q - 4 potions of magic
 z - 2 potions of cancellation
 G - 3 potions of curing
 M - 7 potions of ambrosia
 N - 3 potions of attraction
 R - 3 potions of resistance
 T - a potion of haste
 U - 6 potions of lignification
 Z - 7 potions of brilliance


   Skills:
 - Level 15.0 Fighting
 - Level 20.0 Long Blades
 - Level 9.5 Armour
 - Level 8.1 Dodging
 * Level 17.8 Shields
 + Level 8.1 Translocations
 - Level 0.1(14.0) Invocations


You had 13 spell levels left.
You knew the following spells:

 Your Spells              Type           Power      Damage    Failure   Level
a - Blink                 Tloc           44%        N/A       7%          2

Your spell library contained the following spells:

 Spells                   Type           Power      Damage    Failure   Level
 Lesser Beckoning         Tloc           44%        N/A       7%          2
 Momentum Strike          Conj/Tloc      22%        3d8       36%         2
 Passage of Golubria      Tloc           22%        N/A       41%         4
 Portal Projectile        Hex/Tloc       22%        N/A       58%         3
 Volatile Blastmotes      Fire/Tloc      22%        2d11      58%         3
 Shock                    Conj/Air       0%         1d3       77%         1
 Summon Small Mammal      Summ           0%         N/A       77%         1
 Scorch                   Fire           0%         2d5       88%         2
 Sublimation of Blood     Necr           0%         N/A       88%         2
 Iskenderun's Mystic Bla  Conj/Tloc      11%        2d4       94%         4
 Call Canine Familiar     Summ           0%         N/A       98%         3
 Dazzling Flash           Conj/Hex       0%         N/A       98%         3
 Frozen Ramparts          Ice            0%         1d1       98%         3
 Summon Guardian Golem    Hex/Summ       0%         N/A       98%         3
 Swiftness                Air            0%         N/A       98%         3
 Tukima's Dance           Hex            0%         N/A       98%         3
 Airstrike                Air            0%         2d(0-16)  100%        4
 Flame Wave               Conj/Fire      0%         2d4       100%        4
 Fulminant Prism          Conj/Hex       0%         3d5       100%        4
 Ice Form                 Ice/Tmut       0%         N/A       100%        4
 Petrify                  Tmut/Erth      0%         N/A       100%        4
 Summon Ice Beast         Ice/Summ       0%         N/A       100%        4
 Agony                    Necr           0%         N/A       100%        5
 Blade Hands              Tmut           0%         N/A       100%        5
 Irradiate                Conj/Tmut      0%         3d11      100%        5
 Lee's Rapid Deconstruct  Erth           0%         3d4*      100%        5
 Silence                  Hex/Air        0%         N/A       100%        5
 Summon Mana Viper        Hex/Summ       0%         N/A       100%        5
 Yara's Violent Unravell  Hex/Tmut       0%         3d3       100%        5
 Summon Cactus Giant      Summ           0%         N/A       100%        6
 Monstrous Menagerie      Summ           0%         N/A       100%        7


Dungeon Overview and Level Annotations

Branches:
Dungeon (12/15)            Temple (1/1) D:7            Lair (5/5) D:9
 Shoals (0/4) Lair:3       Spider (4/4) Lair:2        Slime (0/5) Lair:5
    Orc (0/2) D:10        Volcano (visited)         Gauntlet (visited)

Altars:
Ashenzari
Cheibriados
Dithmenos
Elyvilon
Fedhas
Gozag
Hepliaklqana
Kikubaaqudgha
Makhleb
Nemelex Xobeh
Okawaru
Qazlal
Ru
Sif Muna
Trog
Uskayaw
Vehumet
Wu Jian
Xom
Yredelemnul
Zin
The Shining One
Jiyva

Shops:
D:4 :   D:10 [   D:11 [

Annotations:
D:3 1 runed translucent door, boopmooplesden's ghost, amateur DrBe
D:5 2 transporters, extremelyparanoid's ghost, novice KoBr
D:11 exclusion: 4 oklob plants


Message History

The Executioner attacks as you move away!
You block the Executioner's attack. x2; The Executioner misses you.
You enter a dispersal trap!
The Executioner blinks!
The boulder beetle leaps!
The redback blinks!
You blink.
The Executioner hits you but does no damage.
You block the Executioner's attack. x2
The Executioner attacks as you move away!
You block the Executioner's attack. x2
The Executioner hits you but does no damage.
You block the Executioner's attack. x2
The Executioner hits you but does no damage.
You see here a potion of brilliance.
You block the Executioner's attack. x2; The Executioner hits you.
* * * LOW HITPOINT WARNING * * *
The boulder beetle enters a dispersal trap!
The Executioner blinks! x2; You blink.
The boulder beetle leaps!
You feel much better. The boulder beetle barely misses you.
The boulder beetle stops rolling and uncurls.
You slash the boulder beetle!
The boulder beetle is lightly wounded.
Your +5 spectral demon blade hits the boulder beetle but does no damage.
You hit the boulder beetle.
The boulder beetle is moderately wounded.
Your +5 spectral demon blade hits the boulder beetle!
The boulder beetle bites you!
* * * LOW HITPOINT WARNING * * *
Unknown command.
Found a pair of gloves.
Your +5 spectral demon blade disappears.
The boulder beetle curls into a ball and begins rolling!
Unknown command.
Casting: Blink (safe; 7% risk of failure)
Press: ? - help, Q - select action, (/) - cycle Dir - look around, f - activate You blink.
The jumping spider leaps!
Aiming: Dig
Press: ? - help, Shift-Dir - straight line A rock wall.
The rock shatters into small pieces.
The boulder beetle hits you!!!
You die...

...^.##. #....# ........
....# # ## #..$.###.(..#..
#..###[....#.#......
#.....###.§#^......
#...........°.####
##....^.....○...####
#.....!.....1B.##..#
#######.s..ss@#....#
#......#○..#.##...#
./#.....#...B.^....###
.....#....#...#....#.##
.....#.....#..........#
.#.. #..#..#........^.####
..#
#...............####^#####
.^
......#>#.....†#####^..#..#
......#.#s.####†..........#


You could see a boulder beetle (rolling), an entropy weaver, an Executioner
(summoned, fast), a culicivora, a jumping spider and a redback.

Vanquished Creatures
  Arachne (Spider:4)
  Kirke (Spider:1)
  2 emperor scorpions (Spider:4)
  5 ghost moths
  Louise (Spider:1)
  Aizul (Spider:1)
  Azrael (Spider:1)
  A minotaur (Gauntlet)
  3 hydras
  An ogre mage (D:11)
  A radroach (Spider:4)
  A centaur warrior (D:11)
  A catoblepas (Lair:5)
  A death knight (D:11)
  4 boulder beetles
  2 jorogumos
  8 two-headed ogres
  3 death yaks (Lair:5)
  A hell knight (Volcano)
  2 skysharks
  A sun moth (Spider:1)
  4 pharaoh ants
  5 orb spiders
  3 steelbarb worms
  A deep elf pyromancer (D:11)
  Pikel (D:5)
  19 wolf spiders
  A manticore (Lair:3)
  2 cyclopes (D:11)
  4 moths of wrath
  A worldbinder (Gauntlet)
  3 elephants (Lair:5)
  8 black mambas
  3 torpor snails
  11 cane toads
  A gargoyle (D:11)
  5 demonic crawlers
  A kobold demonologist (D:11)
  4 komodo dragons
  4 rime drakes
  A wind drake (Lair:3)
  4 trolls
  10 tarantellas
  2 polar bears (Lair:5)
  6 dream sheep (Lair:3)
  4 blink frogs (Lair:2)
  17 jumping spiders
  14 culicivoras
  Sigmund (D:5)
  23 yaks
  A shadow (D:11)
  2 wraiths
  A wyvern (Lair:1)
  2 basilisks
  2 fire elementals (Spider:1)
  A steam dragon (Lair:4)
  Eustachio (D:5)
  2 hogs (Spider:1)
  30 redbacks
  5 vampire mosquitoes
  A swamp worm (Lair:2)
  Edmund (D:4)
  An acid dragon (D:11)
  18 water moccasins
  8 hell hounds
  4 orc warriors
  An ice beast (D:8)
  A sky beast (D:7)
  2 black bears
  8 wolves
  A boggart (Gauntlet)
  7 centaurs
  2 lemures
  2 gnoll sergeants
  4 scorpions
  15 bullfrogs
  A wight (D:9)
  50 killer bees
  A howler monkey (D:3)
  8 electric eels
  4 orc priests
  5 hounds
  3 jellies (D:6)
  A gnoll bouda (D:7)
  An iguana (D:4)
  An iron imp (D:10)
  Jessica (D:3)
  Natasha (twice) (D:3)
  Terence (D:2)
  7 orc wizards
  5 hell rats (Lair:4)
  Robin (D:3)
  15 gnolls
  6 adders
  9 river rats (Lair:4)
  A shadow imp (D:8)
  2 ufetubi
  A dart slug (D:4)
  45 orcs
  10 ball pythons
  8 endoplasms
  3 giant cockroaches
  14 goblins
  15 hobgoblins
  4 jackals (D:5)
  5 quokkas
  4 bats
  3 frilled lizards
  5 kobolds
  12 rats
582 creatures vanquished.

Vanquished Creatures (collateral kills)
  Asterion (Spider:1)
  Gastronok (Lair:2)
  A ghost moth (Spider:3)
  A hydra (Lair:5)
  A catoblepas (Lair:5)
  2 ogre magi
  3 two-headed ogres
  2 death yaks (Lair:5)
  A deep troll shaman (Lair:5)
  2 boulder beetles
  A sixfirhy (Gauntlet)
  A wolf spider (Spider:3)
  An orc knight (D:10)
  An oklob plant (Lair:1)
  A demonic crawler (Spider:2)
  A cane toad (Lair:2)
  A troll (D:10)
  A queen bee (D:11)
  2 polar bears (Lair:5)
  A tarantella (Spider:4)
  Prince Ribbit (D:8)
  A blink frog (Lair:2)
  A slime creature (D:11)
  A culicivora (Spider:3)
  2 jumping spiders (Spider:1)
  2 steam dragons
  4 yaks
  4 redbacks
  A vampire mosquito (D:10)
  A swamp worm (Lair:2)
  3 water moccasins
  2 acid dragons
  An ogre (D:6)
  A boggart (Gauntlet)
  8 wolves
  2 centaurs
  A lemure (D:5)
  A gnoll sergeant (D:9)
  2 bullfrogs
  2 scorpions (D:5)
  3 wights (D:10)
  11 killer bees
  A howler monkey (D:8)
  3 electric eels
  A gnoll bouda (D:8)
  A sleepcap (D:5)
  2 orc wizards
  9 gnolls
  A shadow imp (D:7)
  A white imp (D:6)
  2 ufetubi (Gauntlet)
  8 orcs
110 creatures vanquished.

Vanquished Creatures (others)
  A human (Spider:1)
  A killer bee (D:11)
  9 spectral weapons
11 creatures vanquished.

Grand Total: 703 creatures vanquished

Notes
Turn   | Place    | Note
-------+----------+-------------------------------------------
     0 | D:1      | AgateBread the Hill Orc Monk began the quest for the Orb.
     0 | D:1      | Reached XP level 1. HP: 19/19 MP: 1/1
   191 | D:1      | Reached XP level 2. HP: 27/27 MP: 2/2
   279 | D:1      | Reached skill level 1 in Armour
   750 | D:1      | Reached XP level 3. HP: 33/33 MP: 3/3
   943 | D:2      | Reached skill level 4 in Long Blades
  1131 | D:2      | Noticed Terence
  1139 | D:2      | Killed Terence
  1140 | D:2      | Reached XP level 4. HP: 40/41 MP: 4/4
  1217 | D:2      | Found a faded altar of an unknown god.
  1345 | D:1      | Reached XP level 5. HP: 16/47 MP: 5/5
  2127 | D:3      | Noticed Jessica
  2143 | D:3      | Killed Jessica
  2160 | D:3      | Reached skill level 5 in Fighting
  2189 | D:3      | Found a burning altar of Makhleb.
  2254 | D:3      | Noticed Robin
  2388 | D:3      | Killed Robin
  2588 | D:3      | Noticed Natasha
  2604 | D:3      | Killed Natasha
  2944 | D:3      | Found a faded altar of an unknown god.
  2944 | D:3      | Found the Hermit's Pendant {Faith Invo=14 Evo=0 MP+5}
  2946 | D:3      | Noticed a centaur
  2958 | D:3      | Killed a centaur
  2959 | D:3      | Reached skill level 5 in Long Blades
  2959 | D:3      | Reached XP level 6. HP: 26/56 MP: 5/6
  3106 | D:3      | Noticed Natasha
  3117 | D:3      | Killed Natasha
  3537 | D:3      | Found a runed translucent door.
  3543 | D:3      | Noticed boopmooplesden's ghost (amateur DrBe)
  3689 | D:3      | Became a worshipper of Makhleb the Destroyer
  3689 | D:3      | Reached * piety under Makhleb
  3689 | D:3      | Reached ** piety under Makhleb
  3828 | D:4      | Found an ancient bone altar of Kikubaaqudgha.
  3908 | D:4      | Reached XP level 7. HP: 45/63 MP: 17/17
  4416 | D:4      | Noticed Edmund
  4429 | D:4      | Killed Edmund
  4430 | D:4      | Reached skill level 6 in Long Blades
  4488 | D:4      | Reached *** piety under Makhleb
  4730 | D:4      | Reached skill level 5 in Armour
  4802 | D:4      | Found a stormy altar of Qazlal.
  4866 | D:4      | Found a shadowy altar of Dithmenos.
  4954 | D:4      | Found Votip's Book Shop.
  4985 | D:5      | Entered Level 5 of the Dungeon
  5178 | D:5      | Noticed Pikel
  5184 | D:5      | Noticed Eustachio
  5191 | D:5      | Reached XP level 8. HP: 57/73 MP: 18/18
  5349 | D:5      | Killed Pikel
  5350 | D:5      | Reached skill level 7 in Long Blades
  5385 | D:5      | Noticed Sigmund
  5399 | D:5      | Killed Eustachio
  5411 | D:5      | Killed Sigmund
  5412 | D:5      | Reached XP level 9. HP: 77/82 MP: 19/19
  5504 | D:5      | Noticed extremelyparanoid's ghost (novice KoBr)
  5507 | D:5      | Found a transporter.
  5512 | D:5      | Found a transporter.
  5610 | D:5      | Reached skill level 8 in Long Blades
  6949 | D:7      | Found a staircase to the Ecumenical Temple.
  6992 | D:7      | Reached skill level 9 in Long Blades
  6995 | D:7      | Reached skill level 10 in Fighting
  7316 | Temple   | Entered the Ecumenical Temple
  7506 | D:7      | Identified the +4 ring mail of the Swamp {rF+ rN+++ Regen+
                  | Slay-3}
  7518 | D:7      | Found a radiant altar of Vehumet.
  7567 | D:7      | Reached XP level 10. HP: 94/94 MP: 20/20
  7636 | D:7      | Found an ornate altar of the Wu Jian Council.
  7809 | D:7      | Found a white marble altar of Elyvilon.
  8709 | D:7      | Found a shimmering altar of Xom.
  8828 | D:7      | Noticed an angel
  8829 | D:7      | Found a glowing silver altar of Zin.
  9136 | D:8      | Reached skill level 10 in Long Blades
  9148 | D:8      | Found a hazy altar of Hepliaklqana.
  9507 | D:8      | Noticed Prince Ribbit
  9517 | D:8      | Killed Prince Ribbit
  9670 | D:9      | Reached **** piety under Makhleb
 10134 | D:9      | Found a sacrificial altar of Ru.
 10154 | D:9      | Reached skill level 11 in Long Blades
 10454 | D:9      | Found a glowing golden altar of the Shining One.
 10553 | D:9      | Reached XP level 11. HP: 62/104 MP: 21/21
 10643 | D:9      | Reached skill level 1 in Shields
 10756 | D:9      | Reached skill level 5 in Dodging
 10765 | D:9      | Found a staircase to the Lair.
 11243 | D:4      | Bought a book of Spatial Translocations for 198 gold pieces
 11248 | D:4      | Learned a level 2 spell: Blink
 11440 | Lair:1   | Entered Level 1 of the Lair of Beasts
 11856 | D:10     | Entered Level 10 of the Dungeon
 11856 | D:10     | Noticed an orc knight
 11856 | D:10     | Found Zyufore's Armour Emporium.
 11857 | D:10     | Found a staircase to the Orcish Mines.
 11933 | D:10     | Found a broken altar of Ashenzari.
 11976 | D:10     | Noticed a two-headed ogre
 11986 | D:10     | Killed a two-headed ogre
 12099 | D:10     | Noticed a two-headed ogre
 12105 | D:10     | Killed a two-headed ogre
 12109 | D:10     | Reached skill level 12 in Long Blades
 12230 | D:10     | Killed an orc knight
 12544 | D:10     | Found a snail-covered altar of Cheibriados.
 13323 | D:11     | Reached skill level 5 in Shields
 13928 | D:11     | Noticed a centaur warrior
 13938 | D:11     | Noticed a two-headed ogre
 13964 | D:11     | Noticed a death knight
 13964 | D:11     | Noticed a two-headed ogre
 13980 | D:11     | Killed a two-headed ogre
 13980 | D:11     | Killed a centaur warrior
 13980 | D:11     | Killed a two-headed ogre
 13981 | D:11     | Reached XP level 12. HP: 101/112 MP: 22/22
 13983 | D:11     | Killed a death knight
 13984 | D:11     | Reached skill level 13 in Long Blades
 14173 | D:11     | Noticed a boulder beetle
 14215 | D:11     | Killed a boulder beetle
 14273 | D:11     | Noticed an ogre mage
 14280 | D:11     | Killed an ogre mage
 14388 | D:11     | Noticed a two-headed ogre
 14390 | D:11     | Found Zuim's Armour Shoppe.
 14394 | D:11     | Killed a two-headed ogre
 14442 | D:11     | Identified a scroll of acquirement
 14442 | D:11     | Acquired a manual of Long Blades
 14509 | D:11     | Noticed a boulder beetle
 14530 | D:11     | Killed a boulder beetle
 14711 | D:11     | Noticed a two-headed ogre
 14718 | D:11     | Killed a two-headed ogre
 14719 | D:11     | Reached skill level 14 in Long Blades
 14867 | D:11     | Noticed an ogre mage
 14882 | D:11     | Killed an ogre mage
 14891 | D:11     | Reached skill level 15 in Long Blades
 15286 | D:12     | Reached XP level 13. HP: 117/118 MP: 23/23
 15327 | D:12     | Reached skill level 16 in Long Blades
 16276 | Lair:1   | Reached skill level 17 in Long Blades
 16797 | Lair:2   | Found a hole to the Spider Nest.
 16930 | Lair:2   | Reached skill level 18 in Long Blades
 16993 | Lair:2   | Noticed Gastronok
 17005 | Lair:2   | Killed Gastronok
 17015 | Lair:2   | Found a gate leading to a gauntlet.
 17024 | Gauntlet | Entered a Gauntlet
 17024 | Gauntlet | Found a transporter.
 17024 | Gauntlet | Found a runed translucent door.
 17026 | Gauntlet | Found a runed translucent door.
 17029 | Gauntlet | Found a transporter.
 17031 | Gauntlet | Found a transporter.
 17056 | Gauntlet | Found a transporter.
 17059 | Gauntlet | Found a transporter.
 17080 | Gauntlet | Found a transporter.
 17097 | Gauntlet | Found a transporter.
 17112 | Gauntlet | Found a transporter.
 17119 | Gauntlet | Found a transporter.
 17120 | Gauntlet | Found a transporter.
 17130 | Gauntlet | Found a transporter.
 17137 | Gauntlet | Found a transporter.
 17507 | Gauntlet | Identified the +1 cloak of Insurance {Harm rElec MP+9 Int+3
                  | Dex-2}
 17517 | Gauntlet | Reached skill level 19 in Long Blades
 17539 | Gauntlet | HP: 8/177 [wolf spider (2)]
 17863 | Gauntlet | Identified the ring "Monat" {rF+ Will+ rCorr Stlth-}
 17863 | Gauntlet | Noticed a minotaur
 17877 | Gauntlet | Killed a minotaur
 18117 | Gauntlet | Identified the +1 pair of gloves of Unreason {Slay+3}
 18750 | Lair:3   | Found a staircase to the Shoals.
 19114 | Lair:3   | Reached skill level 10 in Shields
 19367 | Lair:3   | Found a dark tunnel.
 19377 | Volcano  | Entered a volcano
 19427 | Volcano  | Reached XP level 14. HP: 125/126 MP: 24/24
 19532 | Volcano  | Identified the +2 pair of boots of Green Intercession
                  | {rPois Int+2 Stlth+}
 19640 | Lair:3   | Reached skill level 20 in Long Blades
 20666 | Lair:4   | Reached ***** piety under Makhleb
 21535 | Lair:5   | Entered Level 5 of the Lair of Beasts
 22215 | Lair:5   | Identified the +0 scale mail of the Cuttlefish {MP+9 Dex+3}
 22291 | Lair:5   | Reached skill level 15 in Fighting
 22350 | Lair:5   | Found a staircase to the Slime Pits.
 22351 | Lair:5   | Found a viscous altar of Jiyva.
 22673 | Lair:5   | Reached skill level 1 in Translocations
 23949 | Spider:1 | Entered Level 1 of the Spider Nest
 24284 | Spider:1 | Reached XP level 15. HP: 141/141 MP: 25/25
 24343 | Spider:1 | Noticed Kirke
 24347 | Spider:1 | Noticed a sphinx
 24353 | Spider:1 | Killed Kirke
 24409 | Spider:1 | Noticed Aizul
 24415 | Spider:1 | Noticed Louise
 24434 | Spider:1 | Killed Aizul
 24472 | Spider:1 | Killed Louise
 24690 | Spider:1 | Reached skill level 5 in Translocations
 25504 | Spider:1 | Noticed Azrael
 25539 | Spider:1 | Killed Azrael
 26008 | Spider:1 | Noticed Asterion
 26019 | Spider:1 | Noticed a balrug
 26019 | Spider:1 | Killed Asterion
 26070 | Spider:1 | Acquired a manual of Shields
 26114 | Spider:2 | You fall into a shaft and drop 1 floor!
 26143 | Spider:3 | Noticed a ghost moth
 26149 | Spider:3 | Killed a ghost moth
 27070 | Spider:4 | Entered Level 4 of the Spider Nest
 27115 | Spider:4 | Noticed Arachne
 27121 | Spider:4 | Noticed a ghost moth
 27773 | Spider:3 | Killed a ghost moth
 27880 | Spider:3 | Reached skill level 15 in Shields
 28274 | Spider:4 | Noticed a ghost moth
 28300 | Spider:3 | Killed a ghost moth
 28755 | Spider:4 | Reached XP level 16. HP: 79/149 MP: 26/26
 29284 | Spider:4 | Got a gossamer rune of Zot
 29454 | Spider:4 | Killed Arachne
 29693 | Spider:4 | Identified the +7 mace "Huxtem" {venom, rElec Str-5 Dex+7}
 29701 | Spider:4 | Identified the +9 chain mail of the Spheres {Dex+2}
 30149 | Spider:2 | Noticed an Executioner
 30170 | Spider:2 | Slain by a boulder beetle

Illustrated notes

Levels and vault maps discovered:
D:1:      dpeg_arrival_rooms_with_view, layout_loops_cross, serial_aquarium,
          aquarium_bridge_long_joined [aquarium_subvault_bridge,
          aquarium_subvault_bridge, aquarium_subvault_bridge,
          aquarium_subvault_window, aquarium_subvault_window,
          aquarium_subvault_bridge], aquarium_window_fake, aquarium_window_fake,
          aquarium_view_2c
D:2:      layout_basic, shapermc_ecumenical_altar_totnotflames,
          amcnicky_mini_rare_corridor_liquid, uniq_terence
D:3:      layout_loops_corners, mainiacjoe_overflow_surrounded_room,
          ebering_ghost_sewer_d, hellmonk_guarded_unrand_hermit, uniq_natasha,
          uniq_jessica, uniq_robin
D:4:      layout_cave_pools, nicolae_overflow_hidden_temple,
          grunt_qazlal_clouds, grunt_dithmenos_smoke, minivault_19,
          nicolae_stop_n_shop_2, hangedman_decor_lopped, uniq_edmund
D:5:      layout_loops_cross, gammafunk_ghost_hive, uniq_eustachio, uniq_pikel,
          uniq_sigmund
D:6:      layout_loops_ring
D:7:      layout_rooms, zin_angel, nzn_wu_jian_council_hall,
          mainiacjoe_overflow_tiny_flanked, elyvilon_altar_5,
          mainiacjoe_overflow_catwalk, minmay_temple_entry_sparse_star,
          serial_bayou, serial_bayou_pond_d, serial_bayou_pond_e,
          serial_bayou_lagoon_b, serial_bayou_lagoon_a
D:8:      layout_rooms, pf_just_have_faith, uniq_prince_ribbit1
D:9:      layout_loops_ring, mainiacjoe_overflow_concentric_impassable,
          tso_altar, due_lair_maze_entry_diamond
D:10:     layout_rooms, ashenzari_altar_1, slow_altar_1, orc_david_3,
          serial_co_window_serial, co_window_paths_b, co_window_paths_a,
          co_window_cross_1, co_window_paths_b, co_window_paths_a,
          co_window_of_opportunity_a, co_window_corner_a, co_window_cross_1,
          co_window_of_opportunity_a, co_window_corner_b,
          co_window_unsneaky_path_b, co_window_broadway_b, co_window_paths_c,
          co_window_corner_ca, co_window_of_opportunity_b, co_window_paths_e,
          glass_columns_a, glass_columns_b, glass_columns_c
D:11:     hangedman_what_comes_after_a, layout_basic, serial_shops,
          nicolae_shop_statue_plus, hangedman_abyss_or_decor_lesser_grid
D:12:     layout_cave_pools
Temple:   hellmonk_temple_forest_ring
Lair:1:   layout_chaotic_city
Lair:2:   layout_long_grid, spider_nest_entry_web_field, gauntlet_entry_generic,
          st_stairs_5, chequers_serial_rivers_small_3, worms_lemuel,
          uniq_gastronok
Lair:3:   layout_regular_city, minmay_shoals_entry_beasts, enter_volcano_3
Lair:4:   layout_cave_pods, kennysheep_abandoned_house
Lair:5:   grunt_lair_end_beastmaster, layout_cave_pods, slime_entry_1,
          lemuel_fruit_tree
Spider:1: layout_spider_delve, uniq_louise, uniq_asterion, uniq_azrael,
          uniq_aizul, uniq_kirke
Spider:2: layout_spider_delve, drop_trap, nicolae_spider_rock_and_or_roll,
          uniq_mlioglotl
Spider:3: layout_spider_delve
Spider:4: grunt_spider_rune_parallel, uniq_arachne

Skill      XL: |  1  2  3  4  5  6  7  8  9 10 11 12 13 14 15 16 |
---------------+-------------------------------------------------+-----
Fighting       | 4 5 6 7 8 10 12 15 | 15.0
Armour         | 1 2 3 4 5 6 8 9 |  9.5
Long Blades    | 4 5 6 7 9 11 12 15 19 20 | 20.0
Dodging        | 4 6 8 |  8.1
Shields        | 6 8 10 12 15 17 | 17.8
Translocations | 3 7 8 |  8.1
Invocations    | |  0.1

Action                     |  1- 3 |  4- 6 |  7- 9 | 10-12 | 13-15 | 16-18 || total
---------------------------+-------+-------+-------+-------+-------+-------++-------
  Melee: Falchion          |    85 |    88 |       |       |   165 |       ||   338
         Long sword        |       |    36 |   273 |   783 |  1099 |       ||  2191
         Demon blade       |       |       |       |       |   200 |   180 ||   380
         Scimitar          |       |       |       |       |    57 |       ||    57
  Throw: Dart              |     3 |    10 |     6 |     3 |     2 |       ||    24
         Boomerang         |       |       |     1 |     2 |       |       ||     3
         Throwing net      |       |       |       |       |     5 |       ||     5
   Cast: Blink             |       |       |       |       |     2 |     1 ||     3
 Invoke: Minor Destruction |       |     1 |    14 |     5 |     1 |       ||    21
         Lesser Servant of |       |       |     9 |    30 |    21 |     1 ||    61
         Major Destruction |       |       |       |    22 |    37 |     6 ||    65
         Greater Servant o |       |       |       |       |     8 |     3 ||    11
  Evoke: Wand              |       |       |     3 |     5 |     9 |     1 ||    18
    Use: Scroll            |       |     4 |     4 |    14 |    20 |     5 ||    47
         Potion            |       |     2 |     1 |     3 |    13 |     4 ||    23
   Stab: Distracted        |       |       |     2 |     1 |     6 |     3 ||    12
         Invisible         |       |       |       |     3 |     3 |       ||     6
         Held in net/web   |       |       |       |       |     5 |       ||     5
 Armour: Robe              |     5 |       |       |       |       |       ||     5
         Scale mail        |    38 |    65 |   153 |    20 |       |       ||   276
         Ring mail         |       |       |       |   357 |   714 |    81 ||  1152
         Skin              |       |       |       |       |     1 |       ||     1
  Dodge: Dodged            |    53 |    78 |   200 |   599 |   832 |   102 ||  1864
  Block: Kite shield       |       |       |       |       |   689 |       ||   689
         Tower shield      |       |       |       |       |   543 |   253 ||   796
